 Dungeon Crawl Stone Soup version 0.17.0-26-gececa24 (webtiles) character file.

13150 Gargoyl the Protected (level 11, -2/87 HPs)
             Began as a Demonspawn Abyssal Knight on Nov 19, 2015.
             Was a High Priest of Lugonu.
             Slain by an eight-headed hydra (5 damage)
             ... on level 2 of the Lair of Beasts.
             The game lasted 00:24:57 (13664 turns).

Gargoyl the Protected (Demonspawn Abyssal Knight)  Turns: 13664, Time: 00:24:57

Health: -2/87      AC: 27    Str: 15    XL:     11   Next: 71%
Magic:  10/14      EV:  5    Int: 13    God:    Lugonu [*****.]
Gold:   481        SH: 10    Dex: 14    Spells: 0 memorised, 10 levels left

rFire  . . .     SeeInvis .     C - +0 flail
rCold  . . .     Clarity  .     D - +0 plate armour
rNeg   + . .     SustAt   .     v - +0 shield
rPois  .         Gourm    .     (helmet unavailable)
rElec  .         Spirit   .     w - +2 cloak
rCorr  .         Warding  .     x - +0 pair of gloves
rMut   .         Stasis   .     i - +0 pair of boots
MR     .....                    A - amulet of faith
Stlth  ..........               b - ring of positive energy
                                s - ring of invisibility

@: not resistant to hostile enchantments, extremely unstealthy
A: horns 3, iridescent scales 2, demonic guardian 1
a: Depart the Abyss, Bend Space, Banish, Corrupt, Enter the Abyss, Renounce
Religion, Evoke Invisibility


You were on level 2 of the Lair of Beasts.
You worshipped Lugonu.
Lugonu was extremely pleased with you.
You were very hungry.

You visited 2 branches of the dungeon, and saw 10 of its levels.
You visited the Abyss 1 time.

You collected 481 gold pieces.

Inventory:

Hand Weapons
 z - a +4 war axe of venom
 C - a +0 flail (weapon)
 E - a +0 war axe
Missiles
 r - a tomahawk (quivered)
 H - 3 silver tomahawks
Armour
 i - a +0 pair of boots (worn)
 v - a +0 shield (worn)
 w - a +2 cloak (worn)
 x - a +0 pair of gloves (worn)
 D - a +0 plate armour (worn)
Jewellery
 b - a ring of positive energy (right hand)
 d - a cursed ring of teleportation {unknown}
 g - an uncursed amulet of warding
 s - a ring of invisibility (left hand)
 A - an amulet of faith (around neck)
Wands
 k - a wand of flame (30)
 m - a wand of fireball (10)
 t - a wand of magic darts (10)
Scrolls
 a - 5 scrolls of remove curse
 e - 6 scrolls of identify
 o - a scroll of fog {unknown}
 q - a scroll of blinking
 u - a scroll of recharging
 y - a scroll of teleportation
 B - a scroll of magic mapping
Potions
 c - a potion of resistance
 f - a potion of heal wounds {unknown}
 l - a potion of curing
Books
 h - a book of Enchantments

   Spells                             Type                      Level
   a - Cause Fear                     Hexes                        4
   b - Silence                        Hexes/Air                    5
   c - Deflect Missiles               Charms/Air                   6
   d - Haste                          Charms                       6
   e - Discord                        Hexes                        8
 n - a book of Burglary

   Spells                             Type                      Level
   a - Swiftness                      Charms/Air                   2
   b - Passwall                       Transmutation/Earth          3
   c - Passage of Golubria            Translocation                4
   d - Lee's Rapid Deconstruction     Earth                        5
   e - Darkness                       Hexes                        6
   f - Invisibility                   Hexes                        6
Miscellaneous
 p - a plain deck of wonders
Comestibles
 j - 2 meat rations


   Skills:
 + Level 8.9 Fighting
 + Level 8.2(8.3) Axes
 + Level 0.8(5.1) Maces & Flails
 + Level 0.8 Throwing
 + Level 10.3 Armour
 + Level 4.1 Dodging
 + Level 2.4 Stealth
 + Level 6.7 Shields
 + Level 4.0 Invocations


You had 10 spell levels left.
You didn't know any spells.

Dungeon Overview and Level Annotations

Branches:
Dungeon (8/15)             Temple (0/1) D:4            Lair (2/8) D:8

Altars:
Dithmenos
Fedhas
Kikubaaqudgha
Makhleb
Nemelex Xobeh
Vehumet
The Shining One

Annotations:
D:7 alpinistek's ghost, novice NaIE


Innate Abilities, Weirdness & Mutations

You have a pair of large horns on your head.
You are mostly covered in iridescent scales (AC +6).
A weak demonic guardian rushes to your aid.


Message History

You feel better.
The eight-headed hydra bites you but does no damage. x3
You block the eight-headed hydra's attack.
The eight-headed hydra bites you but does no damage.
You block the eight-headed hydra's attack.
The eight-headed hydra bites you!
* * * LOW HITPOINT WARNING * * *
The eight-headed hydra bites you!
* * * LOW HITPOINT WARNING * * *
Press: ? - help, Shift-Dir - straight line, f - eight-headed hydra
Aim: an eight-headed hydra (severely wounded, chance to defeat MR: 37%)
The eight-headed hydra easily resists.
You are feeling very hungry.
The eight-headed hydra bites you but does no damage.
The eight-headed hydra barely misses you.
The eight-headed hydra bites you but does no damage. x2
You block the eight-headed hydra's attack.
The eight-headed hydra bites you but does no damage.
The eight-headed hydra bites you.
You die...

.<..#.#.....##...#..#..........##
....)...รท.#.##P.............#...#
.......................##..P#..#.
..####...#.......##...##...P#..##
.#####..#.##.......#.......##..P#
.........#.##....#....^..........
.........####.......#.##P.......#
....####..##.......#####PP.....##
#...# ##.......@### ###.#....#
...## #.......D..# ##...#P#...
....### ##.........## #....####..
......####......#...####..## #..
#......#.............##...# #.#
................P##.......#######
##........###.............#.#P#..
###........##...................#
..##...P.#####................###


You could see an eight-headed hydra.

Vanquished Creatures
  Gastronok (Lair:1)
  2 hydras (Lair:2)
  Harold (Lair:2)
  A black mamba (Lair:2)
  8 spiny frogs
  A komodo dragon (Lair:1)
  3 blink frogs (Lair:2)
  3 yaks (Lair:2)
  Sigmund (D:5)
  A wyvern (D:8)
  A hungry ghost (D:8)
  3 hippogriffs
  3 water moccasins
  A porcupine (Lair:2)
  2 sky beasts (D:6)
  A phantom (D:4)
  An ogre (D:6)
  2 orc warriors (D:6)
  3 ice beasts
  A black bear (D:6)
  4 necrophages
  A centaur (D:8)
  4 crocodiles
  Blork the orc (D:5)
  3 giant frogs
  A scorpion (D:8)
  3 crimson imps
  A quasit (D:6)
  2 giant frog skeletons
  Crazy Yiuf (D:4)
  A centaur zombie (D:8)
  3 hounds
  7 orc wizards
  4 orc priests
  3 worker ants
  2 iguanas
  A killer bee zombie (D:5)
  4 gnolls (D:7)
  23 river rats
  2 shadow imps
  7 adders
  An ooze (D:3)
  An adder zombie (D:8)
  4 worms
  2 adder skeletons
  5 giant geckos
  18 orcs
  A ball python (D:3)
  5 bats
  7 giant cockroaches
  7 goblins
  10 hobgoblins
  5 jackals
  3 quokkas
  3 giant newts
  A jackal skeleton (D:8)
  10 kobolds
  A quokka skeleton (D:6)
  7 rats
  A fungus (D:8)
210 creatures vanquished.

Vanquished Creatures (collateral kills)
  A hydra (Lair:2)
  Pikel (D:5)
  An orc warrior (D:5)
  A komodo dragon (Lair:1)
  A blink frog (Lair:2)
  A basilisk (Lair:1)
  2 water moccasins (Lair:1)
  An ogre (D:4)
  A crocodile (Lair:1)
  A giant frog (D:6)
  2 orcs (D:3)
13 creatures vanquished.

Vanquished Creatures (others)
  A black mamba (Lair:1)
  3 slaves (D:5)
  A water moccasin zombie (D:5)
  A centaur skeleton (D:5)
  An adder (D:5)
  An adder skeleton (D:5)
  7 orcs (D:5)
  A giant newt (D:5)
  A quokka skeleton (D:5)
  4 fungi
  5 plants (Lair:2)
26 creatures vanquished.

Grand Total: 249 creatures vanquished

Notes
Turn   | Place    | Note
--------------------------------------------------------------
     0 | Abyss:1  | Gargoyl the Demonspawn Abyssal Knight began the quest for the Orb.
     0 | Abyss:1  | Reached XP level 1. HP: 18/18 MP: 2/2
    33 | Abyss:1  | Noticed a chaos spawn
    73 | Abyss:1  | Noticed a large abomination
    97 | Abyss:1  | Noticed an ettin skeleton
   104 | D:1      | Escaped the Abyss
   298 | D:1      | Reached * piety under Lugonu
   393 | D:1      | Reached skill level 1 in Dodging
   483 | D:1      | Gained mutation: You have a pair of small horns on your head. [demonic ancestry]
   483 | D:1      | Reached XP level 2. HP: 16/24 MP: 4/4
  1344 | D:2      | Gained mutation: A weak demonic guardian rushes to your aid. [demonic ancestry]
  1344 | D:2      | Reached XP level 3. HP: 19/29 MP: 5/5
  1695 | D:2      | Found a radiant altar of Vehumet.
  1831 | D:2      | Reached ** piety under Lugonu
  2388 | D:3      | Found a blossoming altar of Fedhas.
  2808 | D:3      | Gained mutation: You have a pair of horns on your head. [demonic ancestry]
  2808 | D:3      | Reached XP level 4. HP: 18/37 MP: 6/6
  3322 | D:3      | Found a shadowy altar of Dithmenos.
  3543 | D:4      | Noticed an ogre
  3551 | D:4      | Killed an ogre
  3551 | D:4      | Reached skill level 4 in Fighting
  3551 | D:4      | Reached XP level 5. HP: 42/42 MP: 7/7
  3558 | D:4      | Found a staircase to the Ecumenical Temple.
  3819 | D:4      | Found a sparkling altar of Nemelex Xobeh.
  4083 | D:4      | Noticed a phantom
  4127 | D:4      | Killed a phantom
  4127 | D:4      | Reached XP level 6. HP: 39/49 MP: 8/8
  4128 | D:4      | Reached *** piety under Lugonu
  4453 | D:4      | Found an ancient bone altar of Kikubaaqudgha.
  4730 | D:4      | Found a burning altar of Makhleb.
  4840 | D:4      | Noticed Crazy Yiuf
  4853 | D:4      | Killed Crazy Yiuf
  4991 | D:5      | Entered Level 5 of the Dungeon
  5035 | D:5      | Noticed Pikel
  5103 | D:5      | Killed Pikel
  5103 | D:5      | Reached skill level 5 in Fighting
  5103 | D:5      | Gained mutation: You have a pair of large horns on your head. [demonic ancestry]
  5103 | D:5      | Reached XP level 7. HP: 30/56 MP: 9/9
  5266 | D:5      | Reached skill level 5 in Armour
  5293 | D:5      | Noticed Blork the orc
  5308 | D:5      | Killed Blork the orc
  5515 | D:5      | Noticed Sigmund
  5523 | D:5      | Killed Sigmund
  5638 | D:5      | Found a glowing golden altar of the Shining One.
  5657 | D:5      | Reached skill level 6 in Armour
  5657 | D:5      | Reached skill level 1 in Shields
  5657 | D:5      | Reached XP level 8. HP: 58/63 MP: 10/10
  6399 | D:6      | Reached **** piety under Lugonu
  6599 | D:6      | Reached skill level 7 in Armour
  6713 | D:6      | Reached XP level 9. HP: 44/69 MP: 11/11
  6807 | D:6      | Reached skill level 5 in Axes
  7698 | D:7      | Noticed alpinistek's ghost (novice NaIE)
  8043 | D:8      | Found a staircase to the Lair.
  8086 | D:8      | Reached skill level 1 in Stealth
  8233 | D:8      | Reached ***** piety under Lugonu
  8453 | D:8      | Reached skill level 8 in Armour
  9019 | Lair:1   | Entered Level 1 of the Lair of Beasts
  9079 | Lair:1   | Noticed a komodo dragon
  9086 | Lair:1   | Killed a komodo dragon
  9086 | Lair:1   | Gained mutation: You are partially covered in iridescent scales (AC +4). [demonic ancestry]
  9086 | Lair:1   | Reached XP level 10. HP: 64/79 MP: 12/12
  9370 | Lair:1   | Noticed a black mamba
  9388 | Lair:1   | Banished a black mamba
 10033 | Lair:1   | Noticed a komodo dragon
 10044 | Lair:1   | Killed a komodo dragon
 10106 | Lair:1   | Noticed Gastronok
 10118 | Lair:1   | Noticed a spiny frog
 10182 | Lair:1   | Killed Gastronok
 10182 | Lair:1   | Reached skill level 9 in Armour
 10182 | Lair:1   | Reached skill level 5 in Shields
 10221 | Lair:1   | Killed a spiny frog
 10962 | Lair:2   | Noticed Harold
 10975 | Lair:2   | Killed Harold
 10975 | Lair:2   | Gained mutation: You are mostly covered in iridescent scales (AC +6). [demonic ancestry]
 10975 | Lair:2   | Reached XP level 11. HP: 75/87 MP: 13/13
 11255 | Lair:2   | Noticed a six-headed hydra
 11270 | Lair:2   | Killed a seven-headed hydra
 11634 | Lair:2   | Noticed a black mamba
 11642 | Lair:2   | Killed a black mamba
 12359 | Lair:2   | Noticed a five-headed hydra
 12375 | Lair:2   | Killed a five-headed hydra
 12375 | Lair:2   | Reached skill level 10 in Armour
 12772 | Lair:2   | Noticed a five-headed hydra
 12786 | Lair:2   | Killed a five-headed hydra
 13653 | Lair:2   | Noticed an eight-headed hydra
 13663 | Lair:2   | HP: 2/87 [eight-headed hydra (8)]
 13664 | Lair:2   | Slain by an eight-headed hydra

Action                   |  1- 3 |  4- 6 |  7- 9 | 10-12 || total
-------------------------+-------+-------+-------+-------++-------
Melee: Hand axe          |   134 |   153 |    17 |       ||   304
       War axe           |       |       |   241 |   182 ||   423
       Flail             |       |       |       |    31 ||    31
Throw: Tomahawk          |       |       |     3 |     4 ||     7
Invok: Depart the Abyss  |     1 |       |       |       ||     1
       Bend Space        |       |       |     1 |       ||     1
       Banish            |       |       |       |     2 ||     2
  Use: Scroll            |     6 |     4 |     5 |     2 ||    17
       Potion            |       |       |    13 |     3 ||    16
 Stab: Distracted        |       |       |     1 |     3 ||     4
  Eat: Bread ration      |     1 |     1 |     1 |       ||     3
       Fruit             |     3 |       |     1 |       ||     4
       Beef jerky        |       |     1 |       |       ||     1
       Meat ration       |       |       |     2 |     2 ||     4
       Chunk             |       |       |     3 |     3 ||     6
       Pizza             |       |       |     1 |     1 ||     2
